 Dungeon Crawl Stone Soup version 0.29.1-2-gbd0b4ee654 (webtiles) character file.

Game seed: 10563598560169612530

1491 GorkyZ the Stinger (level 8, -5/41 HPs)
             Began as a Gargoyle Venom Mage on Nov 23, 2022.
             Slain by Duvessa
             ... wielding a +3 short sword of venom
              (9 damage)
             ... on level 5 of the Dungeon.
             The game lasted 00:25:34 (5695 turns).

GorkyZ the Stinger (Gargoyle Venom Mage)            Turns: 5695, Time: 00:25:34

Health: -5/41      AC: 11    Str: 12    XL:     8   Next: 80%
Magic:  8/15       EV: 15    Int: 18    God:
Gold:   261        SH:  0    Dex: 22    Spells: 10/16 levels left

rFire   . . .      SeeInvis .   e - +2 dagger (venom)
rCold   . . .      Faith    .   (no shield)
rNeg    + . .      Spirit   .   a - +0 robe
rPois   ∞          Reflect  .   s - +0 helmet
rElec   +          Harm     .   i - +0 cloak
rCorr   .          Rampage  .   k - +0 pair of gloves
Will    .....                   (no boots)
Stlth   ++........              (no amulet)
HPRegen 0.13/turn               p - +6 ring of dexterity
MPRegen 0.14/turn               r - +6 ring of dexterity

@: flying
A: sickness immunity, AC +5, negative energy resistance 1, electricity
resistance, torment resistance 1, petrification resistance, big wings, sense
surroundings 1
a: no special abilities


You were on level 5 of the Dungeon.
You visited 1 branch of the dungeon, and saw 5 of its levels.
You also visited: Ossuary.

You collected 261 gold pieces.

Inventory:

Hand Weapons
 c - a +0 dagger
 e - a +2 dagger of venom (weapon)
 u - a +2 vampiric dagger
Armour
 a - a +0 robe (worn)
 i - a +0 cloak (worn)
 k - a +0 pair of gloves (worn)
 o - a +0 leather armour
 s - a +0 helmet (worn)
Jewellery
 l - an amulet of faith
 p - a +6 ring of dexterity (left hand)
 r - a +6 ring of dexterity (right hand)
Wands
 n - a wand of flame (22)
Scrolls
 t - a scroll of teleportation
 v - 2 scrolls of blinking
Potions
 b - a potion of magic
 d - a potion of heal wounds
 f - 2 potions of mutation
 g - 2 potions of curing
 h - 2 potions of brilliance {unknown}
 j - 2 potions of attraction
 m - a potion of cancellation {unknown}
 q - a potion of ambrosia {unknown}


   Skills:
 + Level 3.5 Armour
 + Level 4.2 Dodging
 - Level 2.1 Stealth
 + Level 4.7 Spellcasting
 + Level 1.9 Conjurations
 + Level 3.9 Transmutations
 + Level 1.3 Air Magic
 + Level 5.6 Poison Magic


You had 10 spell levels left.
You knew the following spells:

 Your Spells              Type           Power      Damage    Failure   Level
a - Sting                 Tmut/Pois      84%        1d7       1%          1
b - Mephitic Cloud        Conj/Pois/Air  14%        N/A       12%         3
c - Poisonous Vapours     Pois/Air       32%        N/A       4%          2

Your spell library contained the following spells:

 Spells                   Type           Power      Damage    Failure   Level
 Passwall                 Tmut/Erth      9%         N/A       9%          2
 Sandblast                Erth           8%         2d5       14%         1
 Slow                     Hex            16%        N/A       14%         1
 Olgreb's Toxic Radiance  Pois           24%        N/A       14%         4
 Stone Arrow              Conj/Erth      14%        3d7       28%         3
 Confusing Touch          Hex            4%         N/A       38%         3
 Vampiric Draining        Necr           4%         2d6       38%         3


Dungeon Overview and Level Annotations

Branches:
Dungeon (5/15)            Ossuary (visited)
 Temple: D:4-7

Altars:
Hepliaklqana

Shops:
D:5 [

Portals:
Abyss: D:4
Sewer: D:5

Annotations:
D:4 2 transporters, GorkyZ's ghost, amateur DsBr
D:5 Duvessa


Innate Abilities, Weirdness & Mutations

You are immune to sickness and miasma.
Your stone body is resilient. (AC +5)
You are immune to poison.
You resist negative energy. (rN+)
You are resistant to electric shocks. (rElec)
You are resistant to unholy torment.
You are immune to petrification.
Your large and strong wings let you fly.
You passively map a small area around you.


Message History

You hit the white imp but do no damage.
The white imp hits you but does no damage.
You hit the white imp.
The white imp is moderately wounded.
The white imp closely misses you.
Duvessa, Sister of Dowan comes into view.
She is wielding a +3 short sword of venom and wearing a +2 leather armour of fire resistance.
You hit the white imp but do no damage.
You punch the white imp, but do no damage.
The white imp is moderately wounded.
Duvessa goes berserk!
The white imp gestures at you. The puff of frost misses you.
You closely miss the white imp.
The white imp is moderately wounded.
The white imp gestures at you. The puff of frost hits you!
You hit Duvessa.
Duvessa is poisoned.
Duvessa is lightly wounded.
Duvessa hits you with a +3 short sword of venom.
The white imp hits you but does no damage.
Duvessa hits you with a +3 short sword of venom!
* * * LOW HITPOINT WARNING * * *
Casting: Sting (safe; 1% risk of failure)
Confirm with . or Enter, or press ? or * to list all spells.
Aiming: Mephitic Cloud (dangerous; 12% risk of failure)
Press: ? - help, Shift-Dir - straight line, f - Duvessa
Aim: Duvessa, wielding a +3 short sword of venom and wearing a +2 leather armour of fire resistance (lightly wounded, berserk, poisoned, chance to affect: 81%)
The ball explodes into a vile cloud!
The stinking cloud engulfs Duvessa but does no damage.
Duvessa is lightly wounded.
The stinking cloud engulfs you but does no damage.
The stinking cloud engulfs the white imp but does no damage.
The white imp is moderately wounded.
The sentinel's mark upon you fades away.
The white imp gestures at you. The puff of frost hits you.
* * * LOW HITPOINT WARNING * * *
Duvessa is engulfed in noxious fumes.
Duvessa hits you with a +3 short sword of venom!
You die...

* #.........'.##.....
, ,*
#.........###.#.... ,
* #.........##..##?..
, #.........#...###..
, , #,
#.............'.##.,
, #.
#.........#...###,
#.###.........##..# ,
#............5###.#,
,
#......#####☼e@.##..,
, #......######☼###
... , ,
#.............# ,
#... ,
###.............#
,,...
................. * ,
###............. * *
*### #.............#
#.# #..
#.....#####.#.# #.#
#.. ###.### #.#.# #.#
#..


You could see Duvessa (berserk, poisoned) and a white imp.

Vanquished Creatures
  Pikel (D:4)
  Sigmund (D:5)
  A steam dragon (D:5)
  A black bear (D:5)
  2 lemures (D:4)
  Blork the orc (D:4)
  A bullfrog (D:4)
  Dowan (D:5)
  An orc priest (D:3)
  A hound (D:4)
  Ijyb (D:5)
  Natasha (thrice) (D:2)
  Terence (D:2)
  2 iguanas
  4 orc wizards (D:3)
  A mummy (D:5)
  6 adders
  A shadow imp (D:5)
  8 orcs (D:3)
  7 endoplasms
  4 giant cockroaches
  6 goblins
  5 hobgoblins
  9 kobolds
  3 quokkas
  12 ball pythons
  7 bats
  A frilled lizard (D:3)
  2 hobgoblin zombies (D:5)
  10 rats
104 creatures vanquished.

Notes
Turn   | Place    | Note
-------+----------+-------------------------------------------
     0 | D:1      | GorkyZ the Gargoyle Venom Mage began the quest for the Orb.
     0 | D:1      | Reached XP level 1. HP: 10/10 MP: 3/3
   202 | D:1      | Reached skill level 1 in Transmutations
   203 | D:1      | Reached XP level 2. HP: 9/15 MP: 0/5
   617 | D:1      | Reached XP level 3. HP: 19/19 MP: 4/6
  1270 | D:2      | Noticed Terence
  1289 | D:2      | Noticed Natasha
  1302 | D:2      | Killed Natasha
  1548 | D:2      | Reached XP level 4. HP: 22/24 MP: 7/7
  1740 | D:2      | Found Ranomp's Book Emporium.
  1803 | D:2      | Noticed Natasha
  1811 | D:2      | Killed Natasha
  1895 | D:2      | Noticed Natasha
  1905 | D:2      | Killed Natasha
  1906 | D:2      | Reached XP level 5. HP: 10/28 MP: 7/9
  2193 | D:2      | Killed Terence
  2486 | D:2      | Found a faded altar of an unknown god.
  2853 | D:2      | Learned a level 3 spell: Mephitic Cloud
  2856 | D:2      | Learned a level 2 spell: Poisonous Vapours
  3024 | D:3      | Reached skill level 4 in Poison Magic
  3041 | D:3      | Reached XP level 6. HP: 23/32 MP: 6/10
  3642 | D:3      | Found a hazy altar of Hepliaklqana.
  4102 | D:4      | Gained mutation: Your large and strong wings let you fly.
                  | [potion of mutation]
  4102 | D:4      | Gained mutation: You passively map a small area around you.
                  | [potion of mutation]
  4167 | D:4      | Found a transporter.
  4170 | D:4      | Noticed a small abomination
  4189 | D:4      | Noticed Blork the orc
  4211 | D:4      | Killed Blork the orc
  4331 | D:4      | Found a one-way gate to the infinite horrors of the Abyss.
  4331 | D:4      | Noticed GorkyZ's ghost (amateur DsBr)
  4448 | D:4      | Reached skill level 1 in Armour
  4448 | D:4      | Reached XP level 7. HP: 35/36 MP: 8/12
  4747 | D:4      | Noticed Pikel
  4789 | D:4      | Found a transporter.
  4802 | D:4      | Killed Pikel
  4803 | D:4      | Reached skill level 5 in Poison Magic
  4803 | D:4      | Reached XP level 8. HP: 27/41 MP: 5/14
  5156 | D:5      | Entered Level 5 of the Dungeon
  5182 | D:5      | Found a glowing drain.
  5271 | D:5      | Found Wilipnad's Antique Armour Shoppe.
  5289 | D:5      | Reached skill level 1 in Conjurations
  5414 | D:5      | Noticed Sigmund
  5440 | D:5      | Killed Sigmund
  5441 | D:5      | Reached skill level 1 in Air Magic
  5503 | D:5      | Noticed Ijyb
  5511 | D:5      | Killed Ijyb
  5634 | D:5      | Found a sand-covered staircase.
  5658 | Ossuary  | Entered an ossuary
  5679 | D:5      | Noticed Dowan
  5687 | D:5      | Killed Dowan
  5691 | D:5      | Noticed Duvessa
  5695 | D:5      | Slain by Duvessa

Illustrated notes

Levels and vault maps discovered:
D:1:      wander_arrival_abandoned_jail, layout_basic, minmay_tromino_v4_b
D:2:      kb_forest_paths, layout_basic, serial_shops, shop,
          hellmonk_ecumenical_altar_pennies_from_heaven, uniq_natasha,
          uniq_terence
D:3:      layout_basic, mainiacjoe_overflow_boulevard
D:4:      layout_gridville, gammafunk_ghost_abyssal_escape, uniq_pikel,
          uniq_blork_the_orc
D:5:      layout_basic, nicolae_ossuary_entry_giza, gup_sewer_entry_glass,
          serial_shops, nicolae_stop_n_shop_1, minmay_fire_ice_demons,
          uniq_duvessa, uniq_sigmund, uniq_ijyb

Skill      XL: |  1  2  3  4  5  6  7  8 |
---------------+-------------------------+-----
Transmutations | 1 2 3 |  3.9
Dodging        | 2 3 4 |  4.2
Spellcasting   | 3 4 |  4.7
Poison Magic   | 4 5 |  5.6
Armour         | 1 2 3 |  3.5
Conjurations   | 1 |  1.9
Air Magic      | 1 |  1.3
Stealth        | |  2.1

Action                   |  1- 3 |  4- 6 |  7- 9 || total
-------------------------+-------+-------+-------++-------
Melee: Dagger            |    66 |   141 |    64 ||   271
       Punch             |       |     5 |     3 ||     8
 Cast: Sting             |    20 |    23 |    12 ||    55
       Mephitic Cloud    |       |     3 |     5 ||     8
       Poisonous Vapours |       |    12 |    15 ||    27
  Use: Scroll            |       |     7 |     3 ||    10
       Potion            |       |     1 |       ||     1
 Stab: Sleeping          |       |     4 |     1 ||     5
       Confused          |       |     1 |     1 ||     2
Armor: Robe              |    20 |    46 |    28 ||    94
Dodge: Dodged            |    45 |    72 |    37 ||   154
